 Dungeon Crawl Stone Soup version 0.19-a0-569-g984bae3 (webtiles) character file.

9094 Econoterrorist the Slicer (level 11, -3/108 HPs)
             Began as a Kobold Berserker on June 8, 2016.
             Was a High Priest of Trog.
             Impaled on a porcupine's spines (15 damage)
             ... on level 2 of the Lair of Beasts on June 9, 2016.
             The game lasted 00:29:37 (10143 turns).

Econoterrorist the Slicer (Kobold Berserker)       Turns: 10143, Time: 00:29:38

Health: -3/108     AC: 22    Str: 24    XL:     11   Next: 68%
Magic:  11/11      EV: 17    Int:  5    God:    Trog [*****.]
Gold:   349        SH:  0    Dex: 16    Spells: 0 memorised, 10 levels left

rFire  + . .     SeeInvis .     C - +2 rapier "Nentuots" {pierce, rElec rC+ MR+ Stlth+}
rCold  + . .     Gourm    .     S - +1 chain mail of Hikheval {rElec}
rNeg   . . .     Faith    +     (shield restricted)
rPois  .         Spirit   .     o - +1 helmet
rElec  +         Dismiss  .     y - +0 cloak
rCorr  .         Reflect  .     r - +0 pair of gloves
SustAt .         Harm     .     v - +0 pair of boots
MR     +....                    x - amulet of faith
Stlth  ..........               Q - +4 ring of protection
                                b - ring of protection from fire

@: berserking, lethally poisoned (-3 -> -10), very quick, somewhat resistant to
hostile enchantments, extremely unstealthy
A: carnivore 3
a: Berserk, Trog's Hand, Brothers in Arms, Burn Spellbooks, Renounce Religion


You were on level 2 of the Lair of Beasts.
You worshipped Trog.
Trog was extremely pleased with you.
You were full.

You visited 2 branches of the dungeon, and saw 11 of its levels.

You collected 558 gold pieces.
You spent 209 gold pieces at shops.

Inventory:

Hand Weapons
 n - a +2 short sword of electrocution
 C - the +2 rapier "Nentuots" (weapon) {pierce, rElec rC+ MR+ Stlth+}
   (Trog gifted it to you on level 1 of the Lair of Beasts)

   It inflicts extra damage upon your enemies.
   It protects you from cold.
   It insulates you from electricity.
   It affects your resistance to hostile enchantments.
   It makes you more stealthy.
Armour
 o - a +1 helmet (worn)
 r - a +0 pair of gloves (worn)
 v - a +0 pair of boots (worn)
 y - a +0 cloak (worn)
 S - the +1 chain mail of Hikheval (worn) {rElec}
   (You bought it in a shop on level 8 of the Dungeon)

   It insulates you from electricity.
Rods
 A - a -3 rod of inaccuracy (10/10)
   (You found it on level 1 of the Lair of Beasts)
Jewellery
 b - a ring of protection from fire (left hand)
 s - an uncursed ring of protection from cold
 x - an amulet of faith (around neck)
 Q - a +4 ring of protection (right hand)
Wands
 a - a wand of lightning (7/15)
 D - a wand of iceblast (3/15)
 E - a wand of iceblast (5/15)
Scrolls
 d - 3 scrolls of magic mapping {unknown}
 e - 3 scrolls of identify
 f - 3 scrolls of amnesia {unknown}
 g - 6 scrolls of remove curse
 l - 2 scrolls of enchant weapon {unknown}
 m - 2 scrolls of fog {unknown}
 p - a scroll of enchant armour {unknown}
 u - 2 scrolls of immolation {unknown}
 B - 3 scrolls of recharging {unknown}
 G - 3 scrolls of blinking {unknown}
 M - a scroll of noise {unknown}
 O - a scroll of teleportation {unknown}
Potions
 h - a potion of brilliance {unknown}
 i - 5 potions of curing
 j - 3 potions of invisibility
 k - 3 potions of lignification
 t - a potion of haste {unknown}
 z - 4 potions of heal wounds
 I - a potion of cure mutation {unknown}
 J - 2 potions of agility
 K - 2 potions of might
 L - a potion of berserk rage {unknown}
 N - a potion of flight {unknown}
Comestibles
 c - 6 meat rations
 q - 2 beef jerkies
 w - 10 royal jellies
 H - a slice of pizza


   Skills:
 + Level 9.9 Fighting
 - Level 12.3 Short Blades
 + Level 7.5 Armour
 + Level 10.5 Dodging


You had 10 spell levels left.
You didn't know any spells.

Dungeon Overview and Level Annotations

Branches:
Dungeon (9/15)             Temple (0/1) D:7            Lair (2/8) D:9
    Orc (0/2) D:9

Altars:
Ashenzari
Cheibriados
Dithmenos
Elyvilon
Fedhas
Gozag
Kikubaaqudgha
Makhleb
Nemelex Xobeh
Uskayaw
Xom
Yredelemnul
Zin
The Shining One
Beogh
Jiyva

Shops:
D:8 [=:(:


Innate Abilities, Weirdness & Mutations

You are small and have problems with some larger weapons.
You are carnivorous and can eat meat at any time.


Message History

The spiny frog is almost dead.
The porcupine closely misses you.
You puncture the spiny frog!
You kill the spiny frog!
Trog accepts your kill.
You feel sick.
You puncture the porcupine!
The porcupine is severely wounded.
The porcupine bites you.
* * * LOW HITPOINT WARNING * * *
You barely miss the porcupine.
The porcupine is severely wounded.
You feel sick.
You are struck by the porcupine's spines.
* * * LOW HITPOINT WARNING * * *
You barely miss the porcupine.
The porcupine is severely wounded.
The porcupine bites you but does no damage.
You are struck by the porcupine's spines.
You die...

###..######....##.....P#
##...##
#............####
###...## #...#.#....###
#...### ###.#####..##
..### #.#..#....### .##
#..#.#.#.#.# ##
#.......... #
##.#.#.#.#.#.# ####
#....@r>..... #.##
###.#.#.#.#.# #...
#......... ##..
##.#.#.#.# #..
.......... ##.
##.#.#.#.#.# #..
........... ### #.#.#
#.#. # ##. .. #


You could see a porcupine.

Vanquished Creatures
  A griffon (Lair:2)
  The ghost of Gate88 the Arsonist, a novice DEFE of Vehumet (D:6)
  2 spiny frogs (Lair:2)
  2 komodo dragons
  A rime drake (Lair:2)
  2 polar bears (D:9)
  Prince Ribbit (D:7)
  Grinder (D:6)
  3 blink frogs (Lair:1)
  A yak (D:9)
  A basilisk (Lair:1)
  A hippogriff (D:8)
  A water moccasin (Lair:1)
  6 porcupines
  4 ice beasts
  2 orc warriors
  2 sky beasts
  A necrophage (D:9)
  2 phantoms
  A wolf (D:9)
  4 ogres
  3 centaurs
  8 crocodiles
  5 giant frogs
  2 scorpions
  3 killer bees (D:8)
  A howler monkey (D:7)
  5 electric eels
  A centaur zombie (D:7)
  3 crimson imps
  2 giant frog zombies
  6 orc priests
  2 hounds (D:8)
  4 jellies
  A centaur skeleton (D:8)
  Ijyb (D:2)
  2 giant frog skeletons
  4 orc wizards
  7 iguanas
  7 worker ants
  A giant frog simulacrum (D:9)
  A howler monkey zombie (D:5)
  Robin (D:2)
  9 adders
  2 river rats (D:9)
  3 white imps (D:9)
  2 worker ant simulacra (D:9)
  3 ufetubi (D:9)
  5 oozes (D:8)
  An adder skeleton (D:4)
  A dart slug (D:1)
  An adder simulacrum (D:9)
  3 giant geckos
  41 orcs
  5 giant cockroaches
  14 goblins
  8 hobgoblins
  18 jackals
  9 kobolds
  4 quokkas
  A ball python zombie (D:5)
  13 bats
  3 giant gecko skeletons
  5 giant newts
  18 rats
279 creatures vanquished.

Vanquished Creatures (others)
  A white imp (D:9)
  A jackal (D:9)
2 creatures vanquished.

Grand Total: 281 creatures vanquished

Notes
Turn   | Place    | Note
--------------------------------------------------------------
     0 | D:1      | Econoterrorist the Kobold Berserker began the quest for the Orb.
     0 | D:1      | Reached XP level 1. HP: 14/14 MP: 1/1
   422 | D:1      | Reached XP level 2. HP: 18/19 MP: 2/2
   828 | D:1      | Reached skill level 5 in Short Blades
   955 | D:2      | Reached XP level 3. HP: 23/23 MP: 3/3
  1047 | D:2      | Noticed a dagger
  1048 | D:2      | Noticed a dagger
  1049 | D:2      | Found a hide-covered altar of Uskayaw.
  1223 | D:2      | Found a white marble altar of Elyvilon.
  1283 | D:2      | Reached ** piety under Trog
  1508 | D:2      | Reached skill level 6 in Short Blades
  1508 | D:2      | Reached XP level 4. HP: 25/28 MP: 4/4
  1518 | D:2      | Noticed Robin
  1529 | D:2      | Killed Robin
  1645 | D:2      | Noticed Ijyb
  1654 | D:2      | Killed Ijyb
  1654 | D:2      | Reached skill level 7 in Short Blades
  1654 | D:2      | Reached XP level 5. HP: 26/32 MP: 5/5
  1929 | D:3      | Reached *** piety under Trog
  2000 | D:3      | Found a blossoming altar of Fedhas.
  2062 | D:3      | Reached skill level 8 in Short Blades
  2314 | D:3      | Reached XP level 6. HP: 37/37 MP: 6/6
  2711 | D:4      | Found a blossoming altar of Fedhas.
  2843 | D:4      | Found a sparkling altar of Nemelex Xobeh.
  3279 | D:5      | Entered Level 5 of the Dungeon
  3307 | D:5      | Found a shadowy altar of Dithmenos.
  3339 | D:5      | Reached XP level 7. HP: 36/43 MP: 7/7
  3366 | D:5      | Found a basalt altar of Yredelemnul.
  3432 | D:5      | Found an ancient bone altar of Kikubaaqudgha.
  3435 | D:5      | Found a glowing silver altar of Zin.
  3435 | D:5      | Found a snail-covered altar of Cheibriados.
  3435 | D:5      | Found a glowing golden altar of the Shining One.
  3453 | D:5      | Reached **** piety under Trog
  3723 | D:5      | Reached skill level 9 in Short Blades
  3723 | D:5      | Reached XP level 8. HP: 48/48 MP: 8/8
  3983 | D:6      | Found a shattered altar of Ashenzari.
  3992 | D:6      | Noticed Grinder
  3993 | D:6      | Noticed Gate88's ghost (novice DEFE)
  4012 | D:6      | Killed Gate88's ghost
  4012 | D:6      | Reached skill level 5 in Fighting
  4012 | D:6      | Reached skill level 5 in Dodging
  4030 | D:6      | Killed Grinder
  4340 | D:6      | Reached XP level 9. HP: 53/55 MP: 9/9
  4988 | D:7      | Found a staircase to the Ecumenical Temple.
  5031 | D:7      | Reached skill level 10 in Short Blades
  5102 | D:7      | Noticed Prince Ribbit
  5133 | D:7      | Killed Prince Ribbit
  5221 | D:7      | Reached ***** piety under Trog
  5234 | D:7      | Reached skill level 5 in Armour
  5700 | D:7      | Found a sparkling altar of Nemelex Xobeh.
  5748 | D:8      | Found Mualoc's Antique Weapon Boutique.
  5828 | D:8      | Reached XP level 10. HP: 58/63 MP: 10/10
  5845 | D:8      | Found Qazxusme's Jewellery Shop.
  5930 | D:8      | Found Nudy's Antique Armour Emporium.
  5954 | D:8      | Bought a twisted chain mail for 209 gold pieces
  5965 | D:8      | Identified the +1 chain mail of Hikheval {rElec} (You bought it in a shop on level 8 of the Dungeon)
  6062 | D:8      | Found Ajaat's Book Boutique.
  6120 | D:8      | Reached skill level 11 in Short Blades
  6171 | D:8      | Found a burning altar of Makhleb.
  6246 | D:8      | Found Gycuggus's Book Boutique.
  6550 | D:8      | Found a viscous altar of Jiyva.
  6657 | D:9      | Found a sparkling altar of Nemelex Xobeh.
  6657 | D:9      | Found an opulent altar of Gozag.
  6658 | D:9      | Found a shimmering altar of Xom.
  6993 | D:9      | Found a roughly hewn altar of Beogh.
  6993 | D:9      | Found a staircase to the Orcish Mines.
  7047 | D:9      | Received a gift from Trog
  7215 | D:9      | Reached ****** piety under Trog
  7219 | D:9      | Received a gift from Trog
  7267 | D:9      | Found a staircase to the Lair.
  7709 | D:9      | Found a burning altar of Makhleb.
  8080 | Lair:1   | Entered Level 1 of the Lair of Beasts
  8100 | Lair:1   | Reached skill level 12 in Short Blades
  8104 | Lair:1   | Reached XP level 11. HP: 69/69 MP: 11/11
  8933 | Lair:1   | Received a gift from Trog
  8941 | Lair:1   | Got a smoking rapier {god gift}
  8942 | Lair:1   | Identified the +2 rapier "Nentuots" {pierce, rElec rC+ MR+ Stlth+} (Trog gifted it to you on level 1 of the Lair of Beasts)
  9088 | Lair:1   | Identified a -3 rod of inaccuracy (10/10) (You found it on level 1 of the Lair of Beasts)
  9139 | Lair:1   | Reached skill level 10 in Dodging
  9572 | Lair:2   | Noticed a griffon
  9586 | Lair:2   | Killed a griffon
 10143 | Lair:2   | Impaled on a porcupine's spines

Vault maps used:
D:1:      minmay_arrival_nine_rooms
D:2:      elyvilon_altar_5, dancing_weapons_uskayaw, uniq_robin, uniq_iyjb
D:3:      fedhas_altar_1
D:4:      nicolae_overflow_crystal_walls, nemelex_lonely_heart_becter
D:5:      grunt_temple_overflow_open, overflow_temple_1_default,
          nicolae_dithmenos_shadow_blocks, first_bread
D:6:      ashenzari_conservatory_becter, uniq_grinder
D:7:      temple_pool_a, st_stairs_14, lemuel_statue_altar, uniq_prince_ribbit1
D:8:      serial_shops, shop, nicolae_shop_competitors_out_of_business,
          nicolae_shop_waterfront, shop, kennysheep_mini,
          hangedman_little_slice_of_home, makhleb_heckhound_becter
D:9:      nicolae_overflow_quartered_altars, grunt_lair_entry_orc_guard_hut,
          david_orc_5, serial_ice, serial_ice_j, serial_ice_n, serial_ice_c,
          serial_ice_g, serial_ice_d, serial_ice_e, serial_ice_h
Lair:1:   lemuel_fruit_fields, lemuel_fruit_tree, infiniplex_staircase_pool
Lair:2:   minivault_24, st_stairs_10

Skill      XL: |  1  2  3  4  5  6  7  8  9 10 11 |
---------------+----------------------------------+-----
Short Blades   | 5 6 7 8 9 10 12 | 12.3
Armour         | 2 3 4 5 6 7 |  7.5
Dodging        | 3 4 6 7 9 10 | 10.5
Fighting       | 4 5 7 8 9 |  9.9

Action                   |  1- 3 |  4- 6 |  7- 9 | 10-12 || total
-------------------------+-------+-------+-------+-------++-------
Melee: Short sword       |   105 |   124 |   227 |   448 ||   904
       Rapier            |       |       |       |   123 ||   123
Invok: Berserk           |     1 |     1 |     4 |     4 ||    10
       Burn Spellbooks   |       |       |     1 |       ||     1
  Use: Scroll            |     1 |       |     1 |    11 ||    13
 Stab: Sleeping          |     1 |       |       |       ||     1
  Eat: Chunk             |     4 |    14 |    11 |    15 ||    44
Armor: Animal skin       |    15 |       |       |       ||    15
       Ring mail         |     2 |    35 |    30 |       ||    67
       Plate armour      |       |       |    39 |    12 ||    51
       Chain mail        |       |       |       |   156 ||   156
Dodge: Dodged            |    63 |   107 |   109 |   295 ||   574
